 Dungeon Crawl Stone Soup version 0.32-a0-918-g0f22ef8d61 (webtiles) character file.

Game seed: 6930247264608185014

4539 smashvw the Basher (level 10, -2/121 HPs)
             Began as a Minotaur Berserker on Apr 10, 2024.
             Was a High Priest of Trog.
             Slain by a yak (7 damage)
             ... on level 8 of the Dungeon.
             The game lasted 00:13:51 (6636 turns).

smashvw the Basher (Minotaur Berserker)             Turns: 6636, Time: 00:13:52

Health: -2/121     AC: 14    Str: 25    XL:     10   Next: 17%
Magic:  9/9        EV:  8    Int:  4    God:    Trog [*****.]
Gold:   359        SH:  0    Dex: 11    Spells: 9/9 levels left

rFire   . . .        K - +2 great mace (heavy)
rCold   . . .        (shield currently unavailable)
rNeg    . . .        t - +1 chain mail
rPois   .            (helmet restricted)
rElec   .            F - scarf {shadows}
rCorr   .            (no gloves)
SInv    .            D - +0 pair of boots
Will    .....        x - amulet of regeneration Stlth
                     (no ring)
HPRegen 1.20/turn    (no ring)
MPRegen 0.11/turn

%: no passive effects
@: berserking, lethally poisoned (-2 -> -2), very quick
A: horns 2, retaliatory headbutt
a: Renounce Religion, Berserk, Trog's Hand, Brothers in Arms


You were on level 8 of the Dungeon.
You worshipped Trog.
Trog was extremely pleased with you.
You visited 1 branch of the dungeon, and saw 8 of its levels.

You collected 424 gold pieces.
You spent 65 gold pieces at shops.

Inventory:

Hand Weapons
 e - a +2 vampiric whip
 H - a +2 whip of freezing
 K - a +2 heavy great mace (weapon)
Missiles
 j - 4 throwing nets (quivered)
Armour
 t - a +1 chain mail (worn)
 D - a +0 pair of boots (worn)
 F - a scarf of shadows (worn)
Jewellery
 g - a ring of magical power
 h - a ring of positive energy
 l - an amulet of guardian spirit
 x - an amulet of regeneration (around neck)
 B - an amulet of reflection
 E - a ring of positive energy
 G - a ring of resist corrosion
Wands
 r - a wand of flame (38)
 w - a wand of charming (18)
 I - a wand of quicksilver (16)
Scrolls
 a - a scroll of amnesia {unknown}
 c - 3 scrolls of enchant weapon
 i - a scroll of noise
 n - a scroll of fear
 o - 2 scrolls of immolation
 q - 4 scrolls of teleportation
 s - a scroll of blinking {unknown}
 v - 4 scrolls of vulnerability {unknown}
 y - 2 scrolls of enchant armour
 L - a scroll of fog
Potions
 b - a potion of magic {unknown}
 d - 2 potions of cancellation {unknown}
 f - 6 potions of curing {unknown}
 k - 2 potions of attraction {unknown}
 m - a potion of lignification
 p - 2 potions of brilliance {unknown}
 u - a potion of heal wounds {unknown}
 z - 3 potions of mutation {unknown}
 A - a potion of invisibility {unknown}
 C - a potion of haste {unknown}
 J - a potion of degeneration {unknown}


   Skills:
 - Level 5.0 Fighting
 + Level 14.7 Maces & Flails
 - Level 10.0 Armour
 - Level 2.1 Dodging


You had 9 spell levels left.
You didn't know any spells.
Your spell library was empty.

Dungeon Overview and Level Annotations

Branches:
Dungeon (8/15)             Temple (0/1) D:4
   Lair: D:8-11

Altars:
Gozag
Kikubaaqudgha
Makhleb
Ru
Uskayaw
Beogh

Shops:
D:3 ?   D:8 :

Annotations:
D:3 1 runed translucent door, Crazy Yiuf


Innate Abilities, Weirdness & Mutations

You have a pair of horns on your head.
You reflexively headbutt those who attack you in melee.


Message History

You feel the power of Trog in you as your rage grows.
You kill the black bear!
Trog accepts your kill.
You feel very sick.
The water moccasin bites you but does no damage.
The wyvern bites you!
* * * LOW HITPOINT WARNING * * *
The water moccasin bites you but does no damage.
You closely miss the wyvern. You headbutt the wyvern!
The wyvern is moderately wounded.
You feel sick. The wyvern bites you!
* * * LOW HITPOINT WARNING * * *
The water moccasin bites you.
* * * LOW HITPOINT WARNING * * *
The yak gores you.
* * * LOW HITPOINT WARNING * * *
The wyvern barely misses you.
You barely miss the wyvern.
The wyvern is moderately wounded.
You feel sick. The water moccasin bites you.
* * * LOW HITPOINT WARNING * * *
The wyvern bites you!
* * * LOW HITPOINT WARNING * * *
The yak barely misses you.
You are too berserk!
You beat the wyvern like a drum!!!
You feel the power of Trog in you as your rage grows.
You kill the wyvern!
Trog accepts your kill.
You feel sick.
The water moccasin bites you but does no damage.
The water moccasin barely misses you. You furiously retaliate!
You headbutt the water moccasin! The yak barely misses you.
You furiously retaliate!
You headbutt the yak! The yak gores you but does no damage.
You bludgeon the water moccasin!!
You kill the water moccasin!
Trog accepts your kill.
You feel sick. The yak gores you!
You die...

#########
#..........
####.####.# #
####.####.## #
#....†>...P. #
#....#.#.PP. #
#....#...... #
#....#..P.. #
...#..YY..P.♣..
.....?†@..P.P.
.
....#...†..PP..
....#........P
... #.......P.
... #.....♣.P.
#....#....
#....#...P


You could see 2 yaks.

Vanquished Creatures
  A komodo dragon (D:7)
  2 wyverns
  2 yaks (D:8)
  A basilisk (D:8)
  2 steam dragons (D:7)
  5 water moccasins
  An orc warrior (D:7)
  4 black bears
  3 ogres (D:4)
  2 centaurs
  2 phantoms (D:5)
  A kobold brigand (D:8)
  2 bullfrogs
  A gnoll sergeant (D:7)
  6 scorpions
  3 killer bees
  A howler monkey (D:5)
  A bombardier beetle (D:4)
  5 jellies
  2 gnoll boudas
  4 hounds
  5 orc priests
  Ijyb (D:5)
  2 iguanas
  7 orc wizards
  Terence (D:3)
  10 gnolls
  Robin (D:3)
  9 adders
  A shadow imp (D:5)
  A white imp (D:7)
  2 ufetubi (D:6)
  3 dart slugs
  2 ribbon worms
  11 orcs
  10 endoplasms
  3 giant cockroaches
  10 goblins
  22 hobgoblins
  3 jackals (D:2)
  4 quokkas
  7 ball pythons
  3 bats
  6 frilled lizards
  15 kobolds
  9 rats
199 creatures vanquished.

Notes
Turn   | Place    | Note
-------+----------+-------------------------------------------
     0 | D:1      | smashvw the Minotaur Berserker began the quest for the Orb.
     0 | D:1      | Reached XP level 1. HP: 19/19 MP: 0/0
   110 | D:1      | Reached XP level 2. HP: 27/27 MP: 1/1
   218 | D:1      | Reached skill level 4 in Maces & Flails
   449 | D:1      | Reached XP level 3. HP: 33/33 MP: 2/2
   462 | D:1      | Reached ** piety under Trog
  1068 | D:2      | Reached XP level 4. HP: 38/41 MP: 3/3
  1473 | D:2      | Reached *** piety under Trog
  1596 | D:3      | Noticed Robin
  1609 | D:3      | Killed Robin
  1619 | D:3      | Reached skill level 5 in Fighting
  1787 | D:3      | Reached skill level 5 in Maces & Flails
  1787 | D:3      | Reached XP level 5. HP: 47/48 MP: 4/4
  1795 | D:3      | Found Wyfiblibb's Magic Scroll Shoppe.
  1799 | D:3      | Bought a scroll of teleportation for 39 gold pieces
  1799 | D:3      | Bought a scroll of identify for 26 gold pieces
  2096 | D:3      | Found a runed translucent door.
  2097 | D:3      | Noticed Crazy Yiuf
  2353 | D:3      | Noticed Terence
  2359 | D:3      | Killed Terence
  2615 | D:3      | Reached skill level 5 in Armour
  2615 | D:3      | Reached XP level 6. HP: 22/56 MP: 2/5
  2830 | D:4      | Reached skill level 6 in Maces & Flails
  3009 | D:4      | Reached **** piety under Trog
  3259 | D:4      | Reached XP level 7. HP: 61/61 MP: 4/6
  3383 | D:4      | Reached skill level 7 in Maces & Flails
  3573 | D:4      | Found an opulent altar of Gozag.
  3573 | D:4      | Found a burning altar of Makhleb.
  3883 | D:4      | Found a staircase to the Ecumenical Temple.
  3921 | D:5      | Entered Level 5 of the Dungeon
  4124 | D:5      | Reached skill level 8 in Maces & Flails
  4128 | D:5      | Noticed Ijyb
  4133 | D:5      | Killed Ijyb
  4150 | D:5      | Reached XP level 8. HP: 68/68 MP: 7/7
  4511 | D:6      | Found an ancient bone altar of Kikubaaqudgha.
  4540 | D:6      | Reached skill level 9 in Maces & Flails
  4953 | D:6      | Reached skill level 10 in Maces & Flails
  5027 | D:6      | Reached ***** piety under Trog
  5130 | D:6      | Reached skill level 10 in Armour
  5130 | D:6      | Reached XP level 9. HP: 74/74 MP: 8/8
  5291 | D:7      | Noticed a komodo dragon
  5311 | D:7      | Killed a komodo dragon
  5312 | D:7      | Reached skill level 11 in Maces & Flails
  5455 | D:7      | Found a roughly hewn altar of Beogh.
  5462 | D:7      | Reached skill level 12 in Maces & Flails
  5632 | D:7      | Found a sacrificial altar of Ru.
  5951 | D:7      | Found a hide-covered altar of Uskayaw.
  6068 | D:7      | Reached skill level 13 in Maces & Flails
  6106 | D:8      | Found Paotu's Book Shop.
  6613 | D:8      | Reached skill level 14 in Maces & Flails
  6618 | D:8      | Reached XP level 10. HP: 81/81 MP: 9/9
  6634 | D:8      | HP: 6/121 [wyvern (10)]
  6636 | D:8      | Slain by a yak

Illustrated notes

Levels and vault maps discovered:
D:1:      grunt_arrival_crossed_arrows, layout_basic, minmay_cut_off
D:2:      layout_loops_ring, minmay_rat_gold_closets
D:3:      layout_basic, serial_shops, shop_fountains,
          minmay_misc_feat_secret_circle, kennysheep_generic_room_3, uniq_robin,
          uniq_terence, uniq_crazy_yiuf_cottage
D:4:      layout_loops_ring, gammafunk_temple_overflow_statue,
          minmay_temple_entry_fiery, serial_library_hellmonk_reading_circle,
          minmay_diced_spiral
D:5:      layout_cave_pools, uniq_ijyb
D:6:      layout_gridville, mainiacjoe_overflow_alcove_4, corexii_shack,
          nicolae_zen_rock_garden
D:7:      layout_gridville, lemuel_doored_altar,
          mainiacjoe_overflow_small_starburst, dreamdust_princess_corridor,
          david_defended_altar_orc
D:8:      layout_basic, minmay_lair_entry_grove, serial_shops,
          nicolae_book_shop_shelving

Skill      XL: |  1  2  3  4  5  6  7  8  9 |
---------------+----------------------------+-----
Fighting       | 4 5 |  5.0
Maces & Flails | 4 5 6 8 10 14 | 14.7
Armour         | 3 4 5 6 7 10 | 10.0
Dodging        | |  2.1

Action                     |  1- 3 |  4- 6 |  7- 9 | 10-12 || total
---------------------------+-------+-------+-------+-------++-------
  Melee: Mace              |    97 |    66 |       |       ||   163
         Headbutt          |    10 |    24 |    82 |     3 ||   119
         Whip              |       |    40 |   334 |       ||   374
         Morningstar       |       |    32 |       |       ||    32
         Great mace        |       |       |    13 |    12 ||    25
 Invoke: Berserk           |     1 |       |     1 |     1 ||     3
    Use: Scroll            |       |     6 |     3 |       ||     9
 Armour: Animal skin       |    28 |       |       |       ||    28
         Ring mail         |    31 |    68 |       |       ||    99
         Chain mail        |       |    31 |   262 |    33 ||   326
  Dodge: Dodged            |    53 |    88 |   136 |    14 ||   291

Table legend: (Time is in decaauts)
 A = Elapsed time spent in this place.
 B = Non-inter-level travel time spent in this place.
 C = Inter-level travel time spent in this place.
 D = Time resting spent in this place.
 E = Time spent auto-exploring this place.
 F = Levels seen in this place.
 G = Mean time per level.
                   A        B        C        D        E       F      G
               +--------+--------+--------+--------+--------+-----+--------+
         Total |   6561 |   6371 |    190 |    195 |   5008 |   8 |  820.1 |
       Dungeon |   6561 |   6371 |    190 |    195 |   5008 |   8 |  820.1 |
               +--------+--------+--------+--------+--------+-----+--------+

Top non-repeatable levels by time:
     D:4: 1316 daAuts
     D:3: 1011 daAuts
     D:7: 818 daAuts
     D:2: 813 daAuts
     D:1: 813 daAuts
     D:6: 738 daAuts
     D:8: 550 daAuts
     D:5: 500 daAuts
